 Dungeon Crawl Stone Soup version 0.20.1-1-g8b1a95d (webtiles) character file.

580 polly the Cutter (level 7, 0/54 HPs)
             Began as a Human Berserker on Dec 13, 2017.
             Was a Believer of Trog.
             Succumbed to a water moccasin's poison
             ... on level 5 of the Dungeon.
             The game lasted 00:08:37 (4743 turns).

polly the Cutter (Human Berserker)                  Turns: 4743, Time: 00:08:37

Health: 0/54       AC: 10    Str: 19    XL:     7   Next: 63%
Magic:  2/7        EV:  1    Int:  7    God:    Trog [**....]
Gold:   313        SH: 13    Dex: 13    Spells: 6/6 levels left

rFire    . . .     SeeInvis .   a - +0 short sword
rCold    . . .     Gourm    .   r - +2 large shield
rNeg     . . .     Faith    .   t - +0 plate armour
rPois    .         Spirit   +   (no helmet)
rElec    .         Reflect  .   (no cloak)
rCorr    .         Harm     .   (no gloves)
MR       .....                  (no boots)
Stlth    ..........             m - amulet of guardian spirit (curse)
Regen    0.2/turn               (no ring)
MPRegen  0.1/turn               (no ring)

@: lethally poisoned (0 -> -2), hasted, heavily drained, very quick
A: wild magic 1, sturdy frame 1
a: Berserk, Trog's Hand, Burn Spellbooks, Renounce Religion


You were on level 5 of the Dungeon.
You worshipped Trog.
Trog was pleased with you.
You were very hungry.

You visited 1 branch of the dungeon, and saw 6 of its levels.

You collected 313 gold pieces.

Inventory:

Hand Weapons
 a - a +0 short sword (weapon)
Armour
 r - a +2 large shield (worn)
 t - a +0 plate armour (worn)
Jewellery
 m - a cursed amulet of guardian spirit (around neck)
 u - an uncursed ring of see invisible {unknown}
Wands
 q - a wand of iceblast (5/15)
 z - a wand of flame (17/48)
Scrolls
 f - a scroll of noise {unknown}
 i - 2 scrolls of amnesia {unknown}
 j - a scroll of random uselessness {unknown}
 k - 5 scrolls of teleportation {unknown}
 l - a scroll of fear {unknown}
 o - a scroll of blinking {unknown}
 s - a scroll of remove curse {unknown}
 w - a scroll of identify
 y - a scroll of holy word {unknown}
 A - a scroll of magic mapping {unknown}
Potions
 b - a potion of flight
 e - 2 potions of might
 g - a potion of brilliance
 p - a potion of haste
Books
 n - a book of Cantrips

   Spells                             Type                      Level
   a - Confusing Touch                Hexes                        1
   b - Animate Skeleton               Necromancy                   1
   c - Summon Small Mammal            Summoning                    1
   d - Apportation                    Translocation                1
   Trog disapproves of the use of such an item.
Comestibles
 c - 6 bread rations
 h - 2 royal jellies
 x - a meat ration


   Skills:
 + Level 4.2(1.6) Fighting
 + Level 6.0(3.3) Short Blades
 + Level 4.2(1.6) Armour
 + Level 2.5(0.0) Dodging
 + Level 0.7(0.0) Stealth
 - Level 1.3(0.0) Shields


You had 6 spell levels left.
You didn't know any spells.

Dungeon Overview and Level Annotations

Branches:
Dungeon (6/15)             Temple (0/1) D:4

Altars:

Annotations:
D:3 HelpMeObiWan's ghost, amateur SpEn
D:5 Edmund; Menkaure


Innate Abilities, Weirdness & Mutations

Your spells are a little harder to cast, but a little more powerful.
Your movements are slightly less encumbered by armour. (ER -2)


Message History

You feel less in control of your magic.
You feel less encumbered by your armour.
* * * LOW HITPOINT WARNING * * *
You feel sick. You block the water moccasin's attack.
Okay, then.
You puncture the water moccasin!
You kill the water moccasin!
Trog accepts your kill.
Your base Short Blades skill increases to level 6!
Your base Armour skill increases to level 4!
* * * LOW HITPOINT WARNING * * *
You feel sick.
* * * LOW HITPOINT WARNING * * *
You feel sick.
* * * LOW HITPOINT WARNING * * *
You feel sick.
There is a lethal amount of poison in your body!
* * * LOW HITPOINT WARNING * * *
You feel sick.
You die...

#.........#
#.#
#.........#
#.#
####.####.#
###.#
#..........
..#.####
##...###.##
#.#....# #†#.#
#.####.#
#.#..# #.# #.#
#.##.# #.# #.#
###.# )#
#@####.#
....##.##
#......#
###.....#.#
######## #
#.....#.# #
#.....#.# #
#.....#.# #
#.....#.# #
#.......######
#
#.............
###


There were no monsters in sight!

Vanquished Creatures
  A water moccasin (D:5)
  A wyvern skeleton (D:6)
  A jelly (D:5)
  A bullfrog skeleton (D:4)
  2 hounds
  An orc wizard (D:3)
  Natasha (D:2)
  A worker ant (D:4)
  Ijyb (D:4)
  A hound skeleton (D:4)
  3 gnolls
  7 adders
  2 shadow imps
  An ooze (D:1)
  2 dart slugs
  4 leopard geckos
  5 orcs
  4 giant cockroaches
  3 quokkas
  A ball python (D:1)
  4 bats
  A frilled lizard (D:2)
  7 goblins
  6 kobolds
  5 rats
66 creatures vanquished.

Vanquished Creatures (others)
  An orc wizard (D:3)
1 creature vanquished.

Grand Total: 67 creatures vanquished

Notes
Turn   | Place    | Note
-------+----------+-------------------------------------------
     0 | D:1      | polly the Human Berserker began the quest for the Orb.
     0 | D:1      | Reached XP level 1. HP: 18/18 MP: 1/1
   283 | D:1      | Reached XP level 2. HP: 23/24 MP: 2/2
   751 | D:2      | Reached XP level 3. HP: 21/29 MP: 3/3
  1325 | D:3      | Reached XP level 4. HP: 18/35 MP: 4/4
  1331 | D:3      | Reached skill level 4 in Short Blades
  1343 | D:3      | Reached ** piety under Trog
  1343 | D:3      | Reached skill level 1 in Shields
  1343 | D:3      | Reached XP level 5. HP: 13/41 MP: 5/5
  1529 | D:3      | Noticed Natasha
  1541 | D:3      | Noticed HelpMeObiWan's ghost (amateur SpEn)
  1747 | D:2      | Killed Natasha
  2411 | D:2      | Reached XP level 6. HP: 20/47 MP: 4/6
  3039 | D:4      | Reached skill level 5 in Short Blades
  3063 | D:4      | Noticed Ijyb
  3142 | D:4      | Killed Ijyb
  4136 | D:4      | Found a staircase to the Ecumenical Temple.
  4190 | D:5      | Entered Level 5 of the Dungeon
  4210 | D:5      | Noticed Edmund
  4244 | D:5      | Noticed Menkaure
  4301 | D:6      | Reached XP level 7. HP: 17/54 MP: 3/7
  4696 | D:5      | Noticed a water moccasin
  4728 | D:5      | Gained mutation: Your spells are a little harder to cast, but a little more powerful. [potion of mutation]
  4728 | D:5      | Gained mutation: Your movements are slightly less encumbered by armour. (ER -2) [potion of mutation]
  4729 | D:5      | Killed a water moccasin
  4729 | D:5      | Reached skill level 6 in Short Blades
  4733 | D:5      | HP: 2/54 [poisoned by a water moccasin]
  4739 | D:5      | HP: 1/54 [poisoned by a water moccasin]
  4743 | D:5      | Succumbed to a water moccasin's poison

Skill      XL: |  1  2  3  4  5  6  7 |
---------------+----------------------+-----
Short Blades   | 4 5 6 |  6.0
Shields        | 1 |  1.3
Armour         | 3 4 |  4.2
Fighting       | 4 |  4.2
Dodging        | |  2.5
Stealth        | |  0.7

Action                   |  1- 3 |  4- 6 |  7- 9 || total
-------------------------+-------+-------+-------++-------
Melee: Short sword       |   130 |   356 |    77 ||   563
  Use: Potion            |     2 |     2 |     3 ||     7
       Scroll            |       |     3 |       ||     3
  Eat: Chunk             |     1 |     9 |     2 ||    12
Armor: Chain mail        |    70 |    58 |       ||   128
       Animal skin       |     1 |       |       ||     1
       Skin              |     2 |     9 |       ||    11
       Plate armour      |       |   132 |    46 ||   178
Dodge: Dodged            |    44 |    14 |     2 ||    60
Block: Large shield      |    22 |   293 |    49 ||   364
